 Dungeon Crawl Stone Soup version 0.28-a0-932-g843f935a50 (webtiles) character file.

Game seed: 2193559451418705180

1641 dolemite99 the Fighter (level 8, -1/78 HPs)
             Began as a Gargoyle Gladiator on Nov 28, 2021.
             Was a Believer of Hepliaklqana.
             Slain by Harold (6 damage)
             ... on level 8 of the Dungeon.
             The game lasted 00:06:31 (5413 turns).

dolemite99 the Fighter (Gargoyle Gladiator)         Turns: 5413, Time: 00:06:32

Health: -1/78      AC: 24    Str: 21    XL:     8   Next: 99%
Magic:  8/8        EV:  2    Int:  8    God:    Hepliaklqana [**....]
Gold:   315        SH:  0    Dex: 11    Spells: 7/7 levels left

rFire   . . .      SeeInvis .   u - +2 quarterstaff (chaos)
rCold   . . .      Faith    .   (shield currently unavailable)
rNeg    + . .      Spirit   .   (armour currently unavailable)
rPois   ∞          Reflect  .   (helmet currently unavailable)
rElec   .          Harm     .   (cloak currently unavailable)
rCorr   .          Rampage  .   (gloves currently unavailable)
Will    .....      NoTele   +   (boots currently unavailable)
Stlth   +.........              (no amulet)
HPRegen 0.23/turn               (no ring)
MPRegen 0.11/turn               (no ring)

@: tree-form, studying Fighting
A: stationary, stasis, torment immunity, boosted hp, reduced essence, sickness
immunity, AC +5, negative energy resistance 1, (electricity resistance), torment
resistance 1, petrification resistance
a: Renounce Religion, Recall Ancestor, Ancestor Identity


You were on level 8 of the Dungeon.
You worshipped Hepliaklqana.
Hepliaklqana was pleased with you.
You were a tree.
You visited 1 branch of the dungeon, and saw 8 of its levels.

You collected 315 gold pieces.

Inventory:

Hand Weapons
 a - a +0 quarterstaff
 f - a +0 dagger of speed
 n - a +0 vorpal flail
 u - a +2 quarterstaff of chaos (weapon)
Missiles
 b - 13 sling bullets
 d - 3 throwing nets
 h - 121 arrows
 k - 202 stones
 x - 28 poisoned darts (quivered)
Armour
 c - a +0 helmet (melded)
 l - a +0 crystal plate armour (melded)
 t - a +2 leather armour of willpower
 v - a +0 cloak (melded)
Jewellery
 m - a +4 ring of evasion
 s - an amulet of the acrobat
 y - a ring of ice
 B - a ring of see invisible
Wands
 o - a wand of polymorph (6)
 p - a wand of iceblast (9)
 C - a wand of acid (12)
Scrolls
 e - 2 scrolls of blinking {unknown}
 q - a scroll of teleportation {unknown}
 r - a scroll of fog {unknown}
 z - 2 scrolls of amnesia {unknown}
Potions
 g - a potion of degeneration {unknown}
 i - 3 potions of cancellation {unknown}
 j - 2 potions of lignification
 w - 2 potions of heal wounds {unknown}
 A - a potion of attraction {unknown}


   Skills:
 + Level 10.5 Fighting
 - Level 9.4 Staves
 - Level 1.7 Throwing
 - Level 2.4 Dodging


You had 7 spell levels left.
You didn't know any spells.
Your spell library contained the following spells:

 Spells                   Type           Power      Damage    Failure   Level
 Freeze                   Ice            0%         1d3       41%         1
 Frozen Ramparts          Ice            0%         1d2       78%         3
 Gell's Gravitas          Tloc           0%         N/A       78%         3
 Inner Flame              Hex/Fire       0%         N/A       78%         3
 Teleport Other           Tloc           0%         N/A       78%         3
 Cause Fear               Hex            0%         N/A       99%         4
 Hailstorm                Conj/Ice       0%         3d3       99%         4
 Dispersal                Tloc           0%         N/A       100%        6
 Discord                  Hex            0%         N/A       100%        8


Dungeon Overview and Level Annotations

Branches:
Dungeon (9/15)             Temple (0/1) D:4
   Lair: D:8-11         Orc: D:9-12

Altars:
Dithmenos
Hepliaklqana
Sif Muna
Vehumet

Annotations:
D:2 Natasha
D:8 Harold


Innate Abilities, Weirdness & Mutations

You are a tree.
Your roots penetrate the ground, keeping you stationary.
You cannot be teleported.
You are immune to unholy pain and torment.
Your maximum health is greatly increased.
Your equipment is partially melded.
Your life essence is reduced to manifest your ancestor. (-10% HP)
You are immune to sickness and miasma.
((Your stone body is resilient. (AC +5)))
You are immune to poison.
You resist negative energy. (rN+)
((You are resistant to electric shocks. (rElec)))
You are resistant to unholy torment.
You are immune to petrification.


Message History

Aim: Harold, wielding a +0 battleaxe, wearing a +0 scale mail, quivering 2 throwing nets and carrying a wand of polymorph (8) (lightly wounded, ally target) Attack!
Harold barely misses you.
Harold closely misses Beli-Ashared.
You sock Harold!
Harold goes berserk!
Harold is moderately wounded.
Harold hits you but does no damage.
Harold hits Beli-Ashared with a +0 battleaxe!
Beli-Ashared hits Harold with a +0 quarterstaff.
You hit Harold.
Harold is moderately wounded.
Harold hits you with a +0 battleaxe!!
Harold hits Beli-Ashared with a +0 battleaxe!!
Beli-Ashared is destroyed!
Harold hits you with a +0 battleaxe.
* * * LOW HITPOINT WARNING * * *
Really quaff the potion of lignification? [Y]es or [N]o only, please.
Really quaff the potion of lignification? [Y]es or [N]o only, please.
Really quaff the potion of lignification? [Y]es or [N]o only, please.
Really quaff the potion of lignification? [Y]es or [N]o only, please.
Really quaff the potion of lignification?
You turn into a tree.
Your +0 cloak melds into your body.
Your +0 helmet melds into your body.
Your +0 crystal plate armour melds into your body.
Your roots penetrate the ground.
Harold completely misses you.
You barely miss Harold.
Harold is moderately wounded.
Harold hits you with a +0 battleaxe.
* * * LOW HITPOINT WARNING * * *
You hit Harold.
Harold's magic leaks into the air.
Harold is moderately wounded.
Harold hits you but does no damage.
You hit Harold.
Harold is moderately wounded.
Harold hits you with a +0 battleaxe!
* * * LOW HITPOINT WARNING * * *
Harold hits you with a +0 battleaxe.
You die...

.....####......)#
####..........)..#
...............#.#
###..#.########.#
#..#.#.....##.########
#.....................
#..#.#.....##.########
#>............@.#
#..#.########♣#..#
......... #.##.#
####.###.... #.# ..#
#.# ...... #.# @# ...
...... ... .. ##.#
...... #.. .. ..#
..... #.# ..# #.#


You could see Harold (berserk).

Vanquished Creatures
  4 vampire mosquitoes (D:6)
  Menkaure (D:6)
  A necrophage (D:4)
  An ogre (D:6)
  A phantom (D:5)
  2 centaur zombies
  A jelly (D:3)
  Crazy Yiuf (D:3)
  A centaur skeleton (D:5)
  Jessica (D:2)
  2 iguanas
  4 adders
  A white imp (D:6)
  An ufetubus (D:6)
  An adder skeleton (D:5)
  2 worms
  4 dart slugs
  6 bats
  12 endoplasms
  A giant cockroach (D:3)
  9 goblins
  9 hobgoblins
  5 jackals
  4 quokkas
  6 ball pythons
  A frilled lizard (D:1)
  6 kobolds
  2 rats
90 creatures vanquished.

Vanquished Creatures (collateral kills)
  An ice beast (D:5)
  An ogre (D:5)
  A scorpion (D:5)
  A water moccasin skeleton (D:5)
  2 hounds
  An iguana (D:5)
  2 adders
  A white imp (D:8)
  An ufetubus (D:5)
  A dart slug (D:5)
  An orc (D:4)
  An endoplasm (D:4)
  2 hobgoblins
  4 jackals
  3 ball pythons (D:4)
  A bat (D:3)
  2 kobolds (D:4)
26 creatures vanquished.

Vanquished Creatures (others)
  3 battlemagi
  An ancestor (D:3)
  A goblin (D:3)
  41 plants (D:5)
46 creatures vanquished.

Grand Total: 162 creatures vanquished

Notes
Turn   | Place    | Note
-------+----------+-------------------------------------------
     0 | D:1      | dolemite99 the Gargoyle Gladiator began the quest for the
                  | Orb.
     0 | D:1      | Reached XP level 1. HP: 12/12 MP: 1/1
   357 | D:1      | Reached XP level 2. HP: 16/17 MP: 2/2
  1239 | D:2      | Reached XP level 3. HP: 20/21 MP: 3/3
  1477 | D:2      | Noticed Jessica
  1482 | D:2      | Killed Jessica
  1483 | D:2      | Reached XP level 4. HP: 26/26 MP: 4/4
  1519 | D:2      | Reached skill level 5 in Staves
  1641 | D:2      | Noticed Natasha
  1754 | D:3      | Found a faded altar of an unknown god.
  1769 | D:3      | Prayed at the altar of an unknown god.
  1769 | D:3      | Became a worshipper of Hepliaklqana the Forgotten
  1769 | D:3      | Reached * piety under Hepliaklqana
  1907 | D:3      | Reached XP level 5. HP: 22/27 MP: 5/5
  2239 | D:3      | Found a shadowy altar of Dithmenos.
  2337 | D:3      | Found a shimmering blue altar of Sif Muna.
  2793 | D:3      | Found a runed translucent door.
  2794 | D:3      | Noticed Crazy Yiuf
  2806 | D:3      | Killed Crazy Yiuf
  3189 | D:4      | Reached ** piety under Hepliaklqana
  3190 | D:4      | Remembered your ancestor Beli-Ashared as a battlemage
  3237 | D:4      | Found a staircase to the Ecumenical Temple.
  3244 | D:4      | Noticed a necrophage
  3252 | D:4      | Killed a necrophage
  3253 | D:4      | Reached XP level 6. HP: 23/31 MP: 6/6
  3978 | D:5      | Entered Level 5 of the Dungeon
  4125 | D:5      | Reached XP level 7. HP: 22/36 MP: 7/7
  4640 | D:5      | Reached XP level 8. HP: 39/39 MP: 8/8
  4686 | D:5      | Found a radiant altar of Vehumet.
  4803 | D:6      | Acquired a manual of Fighting
  4820 | D:6      | Reached skill level 3 in Fighting
  4823 | D:6      | Reached skill level 4 in Fighting
  4951 | D:6      | Reached skill level 6 in Fighting
  4955 | D:6      | Reached skill level 7 in Fighting
  4959 | D:6      | HP: 3/70 [vampire mosquito (9)]
  4963 | D:6      | Reached skill level 8 in Fighting
  4969 | D:6      | Reached skill level 9 in Fighting
  5239 | D:6      | Noticed Menkaure
  5246 | D:6      | Killed Menkaure
  5247 | D:6      | Reached skill level 10 in Fighting
  5398 | D:8      | Noticed Harold
  5413 | D:8      | Slain by Harold

Illustrated notes

Levels and vault maps discovered:
D:1:      roderic_crop_circles_arrival_small, layout_basic,
          minmay_misc_feat_four_crosses
D:2:      layout_rooms, serial_glass, glass_columns_c, glass_columns_a,
          glass_columns_c, glass_columns_b, glass_columns_a, glass_columns_c,
          minmay_tripent, uniq_jessica, uniq_natasha
D:3:      layout_loops_ring, mainiacjoe_overflow_catch_the_wave,
          dreamdust_ecumenical_altar_angels_and_demons, minivault_23,
          uniq_crazy_yiuf_cottage
D:4:      layout_loops_ring, minmay_temple_entry_sparse_star, minmay_between
D:5:      layout_cave_pools, kennysheep_mini, serial_bayou_lagoon_a
D:6:      layout_loops_ring, makhleb_grotto_becter, enter_ossuary_2,
          serial_shops, nicolae_shop_advertising_works
          [nicolae_subvault_shop_adworks], nicolae_shop_sticking_my_neck_out,
          uniq_menkaure, uniq_grinder
D:8:      lemuel_ice_statue, layout_basic, lair_entry_dummy,
          hangedman_decor_push, uniq_pikel, uniq_harold
D:9:      layout_loops_cross, kennysheep_mini_moat, david_orc_3,
          gammafunk_ghost_wrathful_warriors, nicolae_shop_dragon_depot,
          uniq_grum, uniq_maggie

Skill      XL: |  1  2  3  4  5  6  7  8 |
---------------+-------------------------+-----
Staves         | 4 5 6 7 9 |  9.4
Fighting       | 10 | 10.5
Throwing       | |  1.7
Dodging        | |  2.4

Action                   |  1- 3 |  4- 6 |  7- 9 || total
-------------------------+-------+-------+-------++-------
Melee: Quarterstaff      |    84 |   137 |    70 ||   291
Throw: Dart              |       |       |    18 ||    18
Invok: Ancestor Life: Ba |       |     1 |       ||     1
       Recall Ancestor   |       |       |     1 ||     1
  Use: Scroll            |       |     1 |     3 ||     4
       Potion            |       |       |     6 ||     6
 Stab: Paralysed         |       |     2 |       ||     2
Armor: Leather armour    |    28 |     8 |    19 ||    55
       Ring mail         |     1 |    55 |       ||    56
       Skin              |       |       |    46 ||    46
       Crystal plate arm |       |       |     4 ||     4
Dodge: Dodged            |    66 |    82 |    32 ||   180

Table legend: (Time is in decaauts)
 A = Elapsed time spent in this place.
 B = Non-inter-level travel time spent in this place.
 C = Inter-level travel time spent in this place.
 D = Time resting spent in this place.
 E = Time spent auto-exploring this place.
 F = Levels seen in this place.
 G = Mean time per level.
                   A        B        C        D        E       F      G
               +--------+--------+--------+--------+--------+-----+--------+
         Total |   5422 |   5259 |    163 |   1210 |   2918 |   8 |  677.8 |
       Dungeon |   5422 |   5259 |    163 |   1210 |   2918 |   8 |  677.8 |
               +--------+--------+--------+--------+--------+-----+--------+

Top non-repeatable levels by time:
     D:3: 1491 daAuts
     D:1: 1250 daAuts
     D:5: 823 daAuts
     D:4: 789 daAuts
     D:6: 481 daAuts
     D:2: 464 daAuts
     D:9: 80 daAuts
     D:8: 40 daAuts
